 Dungeon Crawl Stone Soup version 0.30-a0-946-gec5dcfc036 (console) character file.

Game seed: 2138995726155947641

3951 utis the Nimble (level 10, -7/60 (63) HPs)
             Began as a Tengu Wanderer on Mar 26, 2023.
             Killed from afar by a ynoxinul (25 damage)
             ... with an iron shot
             ... summoned by a kobold demonologist
             ... on level 9 of the Dungeon.
             The game lasted 00:22:15 (9486 turns).

utis the Nimble (Tengu Wanderer)                    Turns: 9486, Time: 00:22:16

HP:   -7/60 (63)    AC: 11    Str: 12    XL:     10   Next: 21%
MP:   14/14         EV: 18    Int: 14    God:
Gold: 465           SH:  0    Dex: 17    Spells: 12/13 levels left

rFire   . . .      SeeInvis .    a - +2 scimitar
rCold   . . .      Faith    .    (no shield)
rNeg    . . .      Spirit   .    f - +0 acid dragon scales
rPois   .          Reflect  .    c - +0 hat
rElec   .          Rampage  .    O - +2 cloak {Will+}
rCorr   +                        (no gloves)
Will    +....                    (boots unavailable)
Stlth   ++                       (no amulet)
HPRegen 0.30/turn                (no ring)
MPRegen 0.14/turn                (no ring)

@: flying quickly and evasively, lightly drained, quick
A: beak, talons 3, nimble flight
a: no special abilities


You were on level 9 of the Dungeon.
You visited 1 branch of the dungeon, and saw 9 of its levels.

You collected 465 gold pieces.

Inventory:

Hand Weapons
 a - a +2 scimitar (weapon)
 b - a +0 short sword of venom
 m - a +0 dagger
 q - a +0 rapier
 x - a +0 long sword of holy wrath
 G - a +3 long sword
 H - a +3 hand axe of electrocution
 K - a +1 scimitar
Missiles
 h - 9 poisoned darts
 P - 3 boomerangs
Armour
 c - a +0 hat (worn)
 e - a +0 robe
 f - +0 acid dragon scales (worn)
 j - a +0 ring mail
 r - a +0 chain mail
 O - a +2 cloak of willpower (worn)
Magical Staves
 v - a staff of fire
Jewellery
 i - an amulet of the acrobat
 F - a ring of protection from fire
Wands
 s - a wand of polymorph (2)
 A - a wand of mindburst (9)
 L - a wand of quicksilver (6)
Scrolls
 d - a scroll of silence {!r}
 k - 2 scrolls of vulnerability
 l - a scroll of torment {unknown}
 o - 3 scrolls of noise
 p - 2 scrolls of fog {unknown}
 t - a scroll of amnesia {unknown}
 u - a scroll of magic mapping {unknown}
 w - 2 scrolls of enchant weapon {unknown}
 y - a scroll of brand weapon {unknown}
 z - 2 scrolls of identify {@r1}
 B - a scroll of immolation {unknown}
 C - 2 scrolls of enchant armour {unknown}
 I - 2 scrolls of blinking
 J - a scroll of teleportation {unknown}
Potions
 g - 2 potions of heal wounds {@q2}
 n - 4 potions of curing {@q1}
 D - a potion of brilliance
 E - a potion of resistance {unknown}
 M - a potion of haste {@q3}
 N - a potion of cancellation {unknown}


   Skills:
 + Level 7.2 Fighting
 - Level 6.4(7.1) Short Blades
 * Level 4.4(6.1) Long Blades
 + Level 7.2 Armour
 + Level 8.0 Dodging
 - Level 2.0 Stealth
 - Level 3.2 Unarmed Combat
 - Level 2.0 Spellcasting
 - Level 1.5 Translocations
 - Level 1.0 Evocations


You had 12 spell levels left.
You knew the following spells:

 Your Spells              Type           Power      Damage    Failure   Level
a - Apportation           Tloc           10%        N/A       19%         1

Your spell library contained the following spells:

 Spells                   Type           Power      Damage    Failure   Level
 Slow                     Hex            4%         N/A       32%         1
 Vhi's Electric Charge    Tloc/Air       6%         N/A       58%         3
 Confusing Touch          Hex            1%         N/A       69%         3
 Vampiric Draining        Necr           1%         2d6       69%         3
 Petrify                  Tmut/Erth      1%         N/A       97%         4
 Metabolic Englaciation   Hex/Ice        0%         N/A       100%        5
 Statue Form              Tmut/Erth      0%         N/A       100%        6


Dungeon Overview and Level Annotations

Branches:
Dungeon (9/15)             Temple (0/1) D:7
   Lair: D:8-11         Orc: D:9-12

Altars:
Ashenzari
Cheibriados
Fedhas
Gozag
Hepliaklqana
Okawaru
Ru
Sif Muna
Uskayaw
Vehumet
Wu Jian
Yredelemnul
The Shining One

Shops:
D:3 [

Annotations:
D:7 3 runed translucent doors, exclusion: statue, clease's ghost, novice FeCj
D:9 1 runed translucent door


Innate Abilities, Weirdness & Mutations

You have a beak for a mouth.
You have claws for feet.
Your magical nature lets you fly swiftly and evasively.


Message History

You reach down and open the door. 2 kobolds and 2 kobold demonologists come into view.
The kobold demonologist shouts! x2; The kobold shouts!
The kobold demonologist gestures wildly while chanting.
The kobold shouts!
There is an open door here.
The kobold demonologist gestures wildly while chanting.
The crimson imp blinks!
There is an open door here.
You reach down and close the door.
You start waiting.
A ynoxinul opens the door.
You hit the ynoxinul.
The ynoxinul is lightly wounded.
The ynoxinul barely misses you.
You closely miss the ynoxinul. Your peck misses the ynoxinul.
The ynoxinul is lightly wounded.
The kobold demonologist casts a spell.
The ynoxinul misses you.
You hit the ynoxinul. You peck the ynoxinul.
The ynoxinul is moderately wounded.
The ynoxinul hits you but does no damage.
You barely miss the ynoxinul. Your kick misses the ynoxinul.
Your peck misses the ynoxinul.
The ynoxinul is moderately wounded.
The ynoxinul gestures at you. The iron shot hits you!!
The kobold demonologist casts a spell.
You slash the ynoxinul! Your kick misses the ynoxinul.
The ynoxinul is severely wounded.
The ynoxinul hits you. The ynoxinul gestures at you. The iron shot hits you!
* * * LOW HITPOINT WARNING * * *
You are too injured to fight recklessly!
You are too injured to fight recklessly!
You are too injured to fight recklessly!
Unknown command.
The ynoxinul gestures at you. The iron shot hits you!!
You die...

░......░░░░░ ░░░'░░ ░░'░░░░░░░
░..░ ░.......░ ░░.░░ ░░░░░░░'░░
░..░ ░.......░ ░░░░░░░'░░░ ░░░+░
░░░░.......░ ░.......... .....
░░5KK.......░ ░>....[.... ...5.
░░..░░5......░░░░..........
..K..░░..░░░.3..Q..'.░░..........
.5.KK53.░░ ░.......░..'..........
...§.░░░░ ░░░+░░░░░░░░..........
..... ░.......... .....
░░░░░░░░░░░ ░░░+░


You could see 2 kobold demonologists, a ynoxinul (summoned), a crimson imp
(summoned) and a shadow imp (summoned).

Vanquished Creatures
  Maggie (D:7)
  A troll (D:6)
  Prince Ribbit (D:6)
  A wyvern (D:8)
  A water moccasin (D:7)
  An orc warrior (D:8)
  A black bear (D:6)
  2 ogres (D:6)
  A centaur (D:5)
  4 phantoms
  4 bullfrogs
  4 scorpions
  A gnoll sergeant (D:7)
  11 wights
  6 killer bees
  4 hounds
  3 jellies
  3 orc priests
  Ijyb (D:5)
  2 sleepcaps
  Terence (D:2)
  3 iguanas
  7 orc wizards
  9 adders
  4 gnolls
  2 white imps
  4 ufetubi
  A worm (D:3)
  3 dart slugs (D:3)
  22 orcs
  3 ball pythons
  4 bats
  7 endoplasms
  3 giant cockroaches
  7 goblins
  6 hobgoblins
  3 quokkas
  4 frilled lizards
  4 kobolds
  9 rats
159 creatures vanquished.

Notes
Turn   | Place    | Note
-------+----------+-------------------------------------------
     0 | D:1      | utis the Tengu Wanderer began the quest for the Orb.
     0 | D:1      | utis set off with the following items: a +0 dagger, a
                  | scroll of blinking, a +0 hat, a scroll of silence {!r}, a
                  | +0 robe, a potion of haste {@q3}; and the following spell
                  | memorised: Apportation; and the following spells available
                  | to memorise: Vhi's Electric Charge.
     0 | D:1      | Reached XP level 1. HP: 10/10 MP: 4/4
   136 | D:1      | Reached skill level 1 in Fighting
   136 | D:1      | Reached skill level 1 in Dodging
   136 | D:1      | Reached XP level 2. HP: 15/16 MP: 6/6
   733 | D:2      | Reached XP level 3. HP: 20/20 MP: 7/7
   938 | D:2      | Noticed Terence
   954 | D:2      | Killed Terence
   955 | D:2      | Reached skill level 1 in Short Blades
   955 | D:2      | Reached skill level 2 in Dodging
  1197 | D:2      | Reached XP level 4. HP: 26/26 MP: 8/8
  1730 | D:3      | Found a basalt altar of Yredelemnul.
  1767 | D:3      | Found Pioc's Armour Shoppe.
  1809 | D:3      | Gained mutation: Your magical nature lets you fly swiftly
                  | and evasively. [Tengu growth]
  1809 | D:3      | Reached XP level 5. HP: 2/31 MP: 9/9
  2171 | D:3      | Reached skill level 3 in Dodging
  2589 | D:4      | Reached skill level 1 in Armour
  2631 | D:4      | Noticed a phantom
  2661 | D:4      | Killed a phantom
  2662 | D:4      | Reached XP level 6. HP: 27/37 MP: 10/10
  2718 | D:4      | Found a broken altar of Ashenzari.
  3204 | D:4      | Reached skill level 4 in Dodging
  3204 | D:4      | Reached XP level 7. HP: 19/41 MP: 11/11
  3498 | D:4      | Found a sacrificial altar of Ru.
  3516 | D:4      | Found a blossoming altar of Fedhas.
  3676 | D:5      | Entered Level 5 of the Dungeon
  3677 | D:5      | Noticed Ijyb
  3783 | D:5      | Killed Ijyb
  4129 | D:5      | Reached XP level 8. HP: 35/48 MP: 12/12
  4200 | D:5      | Reached skill level 5 in Dodging
  4250 | D:5      | Found a broken altar of Ashenzari.
  4433 | D:5      | Found an iron altar of Okawaru.
  4853 | D:6      | Noticed Prince Ribbit
  4874 | D:6      | Killed Prince Ribbit
  4875 | D:6      | Reached skill level 5 in Fighting
  4875 | D:6      | Reached skill level 5 in Short Blades
  4975 | D:6      | Found a glowing golden altar of the Shining One.
  5039 | D:6      | Noticed a troll
  5056 | D:6      | HP: 2/49 [troll (9)]
  5088 | D:6      | Killed a troll
  5089 | D:6      | Reached skill level 5 in Armour
  5089 | D:6      | Reached skill level 6 in Dodging
  5529 | D:6      | Reached XP level 9. HP: 44/54 MP: 13/13
  5980 | D:6      | Found an opulent altar of Gozag.
  6559 | D:6      | Found a hide-covered altar of Uskayaw.
  7188 | D:7      | Reached skill level 1 in Long Blades
  7192 | D:7      | Reached skill level 7 in Dodging
  7402 | D:7      | Found a runed translucent gate.
  7402 | D:7      | Found a runed translucent gate.
  7403 | D:7      | Found a runed translucent gate.
  7404 | D:7      | Noticed a spectral unseen horror
  7404 | D:7      | Noticed clease's ghost (novice FeCj)
  7442 | D:7      | Found a staircase to the Ecumenical Temple.
  7709 | D:7      | Found a radiant altar of Vehumet.
  8052 | D:7      | Noticed Maggie
  8081 | D:7      | Killed Maggie
  8199 | D:7      | Found a hazy altar of Hepliaklqana.
  8203 | D:7      | Found an ornate altar of the Wu Jian Council.
  8207 | D:7      | Found a shimmering blue altar of Sif Muna.
  8384 | D:8      | Reached XP level 10. HP: 61/61 MP: 14/14
  8824 | D:8      | Found a snail-covered altar of Cheibriados.
  9047 | D:8      | You are sucked into a shaft and drop 1 floor!
  9207 | D:9      | Found a runed translucent door.
  9225 | D:9      | Noticed a two-headed ogre
  9242 | D:9      | Reached skill level 8 in Dodging
  9412 | D:9      | Noticed a shock serpent
  9464 | D:9      | Noticed a kobold demonologist
  9464 | D:9      | Noticed a kobold demonologist
  9486 | D:9      | Killed from afar by a ynoxinul

Illustrated notes

Levels and vault maps discovered:
D:1:      grunt_arrival_crossed_arrows, layout_rooms
D:2:      layout_basic, uniq_terence
D:3:      layout_rooms, mainiacjoe_overflow_six_doors_small, serial_shops,
          nicolae_shop_competitors_out_of_business
D:4:      layout_gridville, nicolae_ashenzari_skybound,
          mainiacjoe_overflow_large_starburst
D:5:      layout_rooms, overflow_temple_1_default, minmay_ruined_shrine,
          uniq_ijyb
D:6:      layout_cave_pods, lemuel_doored_altar, kennysheep_mini_moat,
          mainiacjoe_overflow_cross_hatched, uniq_prince_ribbit1
D:7:      lemuel_ice_spiral_2, layout_rooms, vehumet_statue,
          grunt_temple_overflow_diamond, minmay_temple_entry_trees,
          gammafunk_ghost_necromancy, uniq_maggie
D:8:      cheibrodos_histonic, layout_basic, old_standard_altar, serial_shops,
          shop, uniq_pikel
D:9:      layout_roguey, hiddenorc2_lemuel, minmay_st_funbox

Skill      XL: |  1  2  3  4  5  6  7  8  9 10 |
---------------+-------------------------------+-----
Fighting       | 1 2 3 4 5 6 7 |  7.2
Dodging        | 1 2 3 4 6 7 8 |  8.0
Short Blades   | 1 2 3 4 5 6 |  6.4
Armour         | 1 2 3 5 6 7 |  7.2
Long Blades    | 3 4 |  4.4
Stealth        | |  2.0
Unarmed Combat | |  3.2
Spellcasting   | |  2.0
Translocations | |  1.5
Evocations     | |  1.0

Action                     |  1- 3 |  4- 6 |  7- 9 | 10-12 || total
---------------------------+-------+-------+-------+-------++-------
  Melee: Dagger            |    38 |       |       |       ||    38
         Kick              |    15 |    32 |   122 |    30 ||   199
         Peck              |     6 |    24 |    96 |    18 ||   144
         Short sword       |    29 |   119 |   248 |       ||   396
         Punch             |     3 |     4 |    11 |     2 ||    20
         Rapier            |       |    13 |    77 |       ||    90
         Long sword        |       |       |     6 |       ||     6
         Scimitar          |       |       |    32 |    74 ||   106
   Cast: Apportation       |     3 |       |       |     1 ||     4
  Evoke: Wand              |       |       |     3 |       ||     3
    Use: Scroll            |       |     4 |     1 |       ||     5
         Potion            |       |       |     4 |       ||     4
   Stab: Sleeping          |     5 |       |       |     1 ||     6
 Armour: Robe              |     5 |       |       |       ||     5
         Ring mail         |    12 |       |       |       ||    12
         Chain mail        |     1 |    58 |   130 |       ||   189
         Acid dragon scale |       |       |       |    11 ||    11
  Dodge: Dodged            |    24 |    36 |   159 |    50 ||   269

Table legend: (Time is in decaauts)
 A = Elapsed time spent in this place.
 B = Non-inter-level travel time spent in this place.
 C = Inter-level travel time spent in this place.
 D = Time resting spent in this place.
 E = Time spent auto-exploring this place.
 F = Levels seen in this place.
 G = Mean time per level.
                   A        B        C        D        E       F      G
               +--------+--------+--------+--------+--------+-----+--------+
         Total |   9017 |   8649 |    368 |   3401 |   3453 |   9 | 1001.9 |
       Dungeon |   9017 |   8649 |    368 |   3401 |   3453 |   9 | 1001.9 |
               +--------+--------+--------+--------+--------+-----+--------+

Top non-repeatable levels by time:
     D:6: 2376 daAuts
     D:4: 1183 daAuts
     D:2: 1013 daAuts
     D:5: 931 daAuts
     D:3: 907 daAuts
     D:7: 881 daAuts
     D:8: 719 daAuts
     D:1: 589 daAuts
     D:9: 415 daAuts
